Map: Jagannatha LE

Players

Asuna - Winner!

  • Race: Protoss Protoss
  • League: Master
  • Spawn Location: 1:00

Astrea

  • Race: Protoss Protoss
  • League: Master
  • Spawn Location: 7:00

Event: DreamHack SC2 Masters 2020 Winter

VOD

Have the link to the VOD?

Description

Time

  • Played on: Oct. 28, 2020, 6:13 p.m.
  • Length: 38:14

All games in this series

Show
View Real Time Build Order
Export as new Build Order

Asuna Protoss - Winner!

Build Orders:  

Get SALT Encoding   

  12  0:00  Probe (Chrono Boost)  
  13  0:09  Probe (Chrono Boost)  
  14  0:14  Probe (Chrono Boost)  
  14  0:20  Pylon  
  15  0:38  Forge, Probe  
  16  0:53  Pylon  
  16  1:00  Pylon  
  16  1:02  Pylon  
  16  1:12  Photon Cannon  
  16  1:14  Pylon  
  16  1:25  Photon Cannon  
  16  1:28  Probe  
  16  1:34  Gateway  
  16  1:38  Assimilator  
  16  1:40  Probe  
  17  1:48  Assimilator  
  17  1:52  Probe  
  18  2:04  Probe  
  19  2:10  Pylon  
  19  2:17  Probe (Chrono Boost)  
  19  2:21  Cybernetics Core  
  20  2:27  Probe (Chrono Boost)  
  21  2:32  Probe (Chrono Boost)  
  22  2:43  Probe  
  23  2:55  Adept (Chrono Boost), Probe  
  26  3:04  Pylon  
  25  3:07  Stargate, Probe  
  25  3:11  Warp Gate  
  26  3:19  Probe  
  27  3:20  Stalker  
  29  3:30  Shield Battery  
  29  3:33  Probe  
  30  3:45  Probe  
  31  4:02  Pylon  
  31  4:05  Phoenix (Chrono Boost)  
  31  4:13  Nexus  
  31  4:20  Stalker  
  31  4:21  Phoenix (Chrono Boost)  
  35  4:32  Pylon  
  35  4:35  Probe  
  36  4:44  Phoenix (Chrono Boost)  
  36  4:47  Probe  
  39  4:59  Robotics Facility, Probe  
  40  5:11  Probe  
  41  5:19  Phoenix (Chrono Boost)  
  43  5:23  Probe  
  43  5:26  Probe  
  45  5:35  Phoenix (Chrono Boost), Probe  
  46  5:38  Probe  
  49  5:47  Probe  
  50  5:50  Probe  
  50  5:56  Phoenix (Chrono Boost)  
  52  5:58  Immortal (Chrono Boost)  
  52  5:59  Probe  
  52  6:03  Probe  
  59  6:07  Assimilator  
  59  6:09  Pylon  
  59  6:11  Probe  
  59  6:14  Assimilator  
  59  6:17  Pylon  
  59  6:18  Phoenix  
  62  6:27  Probe  
  62  6:29  Pylon  
  63  6:34  Immortal (Chrono Boost)  
  67  6:41  Gateway  
  67  6:45  Gateway  
  67  6:49  Gateway  
  67  6:53  Sentry  
  69  7:01  Pylon  
  69  7:08  Gateway, Probe  
  69  7:09  Probe  
  71  7:20  Immortal  
  75  7:23  Stalker  
  75  7:26  Probe  
  75  7:27  Probe  
  79  7:35  Stalker  
  81  7:40  Stalker  
  81  7:44  Protoss Ground Weapons Level 1  
  83  7:51  Stalker x2  
  79  8:00  Phoenix (Chrono Boost)  
  79  8:11  Stalker x3  
  81  8:17  Phoenix (Chrono Boost), Immortal (Chrono Boost)  
  75  8:23  Stalker  
  77  8:35  Stalker x3  
  82  8:48  Observer (Chrono Boost)  
  82  8:57  Twilight Council  
  82  9:05  Pylon  
  82  9:07  Nexus  
  80  9:20  Probe x2  
  80  9:21  Immortal (Chrono Boost)  
  82  9:27  Zealot x3, Sentry  
  82  9:30  Shield Battery  
  94  9:34  Pylon  
  94  9:41  Charge (Chrono Boost)  
  94  9:47  Pylon  
  94  9:48  Protoss Ground Weapons Level 2 (Chrono Boost)  
  94  9:53  Pylon  
  94  10:05  Immortal  
  94  10:06  Probe  
  97  10:12  Photon Cannon  
  95  10:20  Probe x2  
  97  10:22  Probe  
  98  10:29  Templar Archives  
  98  10:32  Probe  
  98  10:34  Photon Cannon  
  99  10:41  Gateway  
  99  10:54  Observer (Chrono Boost)  
  97  11:04  Gateway, Zealot x4  
  95  11:05  Gateway  
  101  11:11  Warp Prism (Chrono Boost)  
  101  11:13  Pylon  
  101  11:16  Pylon  
  103  11:24  Gateway  
  103  11:35  Gateway  
  103  11:38  High Templar x3  
  103  11:39  High Templar, Gateway, Zealot  
  113  11:43  Archon, Photon Cannon  
  113  11:44  Archon  
  109  12:02  Pylon  
  109  12:03  Pylon  
  109  12:13  Zealot x7  
  98  12:34  Warp Prism (Chrono Boost)  
  77  12:45  High Templar x2  
  77  12:46  High Templar x2, Zealot x4  
  87  12:51  Archon  
  87  12:52  Archon  
  85  12:59  Probe x2  
  85  13:00  Probe, Immortal (Chrono Boost)  
  92  13:11  Probe  
  92  13:12  High Templar x4, Probe x2 (Chrono Boost)  
  103  13:18  Assimilator  
  103  13:19  Archon  
  103  13:20  Assimilator, Archon  
  103  13:24  Probe x3 (Chrono Boost)  
  106  13:32  Observer (Chrono Boost)  
  106  13:33  Probe (Chrono Boost)  
  108  13:34  Probe x2 (Chrono Boost)  
  108  13:35  Zealot x2  
  108  13:36  Zealot  
  108  13:38  Probe  
  117  13:43  Photon Cannon  
  115  13:50  Phoenix  
  111  13:56  Stargate  
  111  13:58  Immortal (Chrono Boost)  
  105  14:07  Probe  
  106  14:14  Pylon  
  106  14:16  Zealot x3  
  106  14:25  Zealot x3  
  106  14:29  Zealot  
  108  14:38  Zealot x3  
  108  14:47  High Templar x2  
  108  14:48  High Templar x2  
  108  14:51  Phoenix (Chrono Boost)  
  110  14:53  Phoenix (Chrono Boost)  
  110  14:55  Archon  
  110  14:56  Archon  
  112  15:02  Observer  
  113  15:07  Sentry  
  113  15:09  Nexus  
  115  15:14  Phoenix (Chrono Boost)  
  115  15:19  Phoenix (Chrono Boost)  
  119  15:25  Shield Battery  
  119  15:27  High Templar x2  
  121  15:31  Photon Cannon  
  121  15:33  Archon  
  121  15:37  Pylon  
  121  15:43  Phoenix  
  121  15:46  Pylon  
  121  15:48  Phoenix  
  125  15:52  Observer  
  125  15:55  Probe x3  
  129  15:57  Photon Cannon  
  129  16:06  Zealot x2  
  129  16:07  Probe x2  
  135  16:16  Phoenix (Chrono Boost)  
  135  16:24  Phoenix (Chrono Boost)  
  135  16:36  High Templar x4  
  145  16:41  Archon x2  
  145  16:42  Warp Prism (Chrono Boost)  
  149  16:53  Pylon  
  145  17:02  Robotics Bay  
  145  17:03  Protoss Ground Weapons Level 3 (Chrono Boost)  
  145  17:04  Robotics Facility  
  143  17:15  Zealot x9  
  137  17:16  Zealot  
  127  17:44  Phoenix x2  
  119  17:48  Nexus  
  119  17:49  Pylon  
  119  17:53  Assimilator, Photon Cannon  
  119  17:54  Assimilator  
  119  18:00  Photon Cannon  
  119  18:01  Pylon  
  125  18:05  Colossus (Chrono Boost)  
  125  18:08  High Templar x2  
  129  18:13  Extended Thermal Lance  
  129  18:19  Archon  
  129  18:22  Colossus (Chrono Boost)  
  125  18:27  Zealot x2  
  125  18:29  Zealot x6  
  141  18:45  Colossus (Chrono Boost)  
  147  18:49  Zealot  
  149  18:59  Photon Cannon  
  149  19:00  Photon Cannon  
  149  19:04  Photon Cannon  
  149  19:07  Shield Battery  
  149  19:08  Colossus (Chrono Boost)  
  153  19:19  Probe x2  
  153  19:20  Probe  
  162  19:38  Colossus (Chrono Boost)  
  162  19:43  Fleet Beacon  
  162  19:45  Protoss Shields Level 1 (Chrono Boost)  
  158  19:48  Stargate  
  158  19:53  Assimilator  
  158  19:56  Probe x3  
  158  19:57  Probe x2  
  158  19:59  Immortal (Chrono Boost)  
  163  20:01  Assimilator  
  165  20:08  Zealot, Probe x2  
  165  20:09  Probe x3  
  172  20:15  High Templar x2  
  172  20:18  High Templar x2, Protoss Air Weapons Level 1 (Chrono Boost)  
  172  20:21  Archon  
  180  20:22  Archon  
  180  20:40  Observer  
  180  20:42  Carrier (Chrono Boost)  
  183  20:50  Pylon  
  183  20:54  Zealot x6  
  193  20:57  Carrier (Chrono Boost)  
  199  21:07  Photon Cannon x2  
  197  21:17  Probe x5  
  185  21:19  Zealot x4  
  193  21:26  Protoss Ground Armor Level 1  
  199  21:52  Probe  
  199  21:53  Carrier (Chrono Boost)  
  199  21:54  Photon Cannon  
  200  22:10  Protoss Air Weapons Level 2 (Chrono Boost)  
  200  22:11  Observer  
  200  22:19  Pylon  
  200  22:33  Pylon  
  200  22:46  Carrier (Chrono Boost)  
  200  22:47  Carrier (Chrono Boost)  
  185  22:56  Carrier (Chrono Boost)  
  183  23:03  Gravitic Boosters  
  181  23:34  Carrier (Chrono Boost)  
  181  23:39  Zealot x2  
  191  23:43  Photon Cannon  
  191  23:45  Photon Cannon  
  191  23:46  Nexus  
  197  23:48  Pylon  
  197  23:51  Pylon  
  197  23:52  Carrier (Chrono Boost)  
  197  23:55  Protoss Shields Level 2 (Chrono Boost)  
  195  24:13  Warp Prism, Nexus x2  
  195  24:15  Pylon x2  
  197  24:17  Pylon  
  197  24:25  Pylon  
  179  24:42  Zealot x3  
  179  24:43  Zealot x7  
  160  24:53  Flux Vanes  
  150  25:04  Void Ray x2  
  150  25:05  Void Ray  
  146  25:18  Probe x2  
  146  25:20  Photon Cannon  
  142  25:21  Photon Cannon  
  142  25:23  Photon Cannon  
  142  25:25  High Templar x3  
  142  25:26  Shield Battery  
  142  25:27  High Templar  
  150  25:30  Archon  
  150  25:32  High Templar x2  
  150  25:33  Archon  
  154  25:39  Archon  
  154  25:41  Photon Cannon  
  154  25:42  Photon Cannon  
  154  25:49  Zealot x2, Void Ray (Chrono Boost)  
  158  25:55  Observer (Chrono Boost)  
  160  26:02  Observer (Chrono Boost)  
  168  26:05  Void Ray (Chrono Boost)  
  168  26:11  Void Ray (Chrono Boost)  
  168  26:16  Shield Battery, Void Ray (Chrono Boost)  
  168  26:18  Photon Cannon  
  172  26:23  Zealot  
  172  26:24  Zealot  
  180  26:33  Zealot x2, Void Ray (Chrono Boost)  
  188  26:46  Observer  
  189  26:50  Void Ray (Chrono Boost)  
  189  26:54  Void Ray (Chrono Boost)  
  189  26:59  Probe x3  
  200  27:17  Assimilator  
  200  27:21  Assimilator  
  192  27:23  Probe x3  
  195  27:32  Zealot x2  
  195  27:36  Zealot  
  199  27:44  Photon Cannon x2  
  199  27:50  Observer  
  194  27:52  Carrier (Chrono Boost)  
  197  28:06  Protoss Air Weapons Level 3 (Chrono Boost)  
  197  28:18  Zealot x2  
  200  28:25  Photon Cannon  
  193  28:56  Photon Cannon  
  193  28:59  Photon Cannon  
  193  29:00  Shield Battery  
  193  29:02  Gateway  
  193  29:03  Photon Cannon  
  193  29:04  Gateway x2  
  193  29:06  Phoenix x2 (Chrono Boost)  
  193  29:08  Phoenix (Chrono Boost)  
  164  29:34  Carrier x3  
  164  29:46  Nexus  
  164  29:50  Observer  
  164  29:52  Pylon  
  156  29:55  Pylon  
  156  29:57  Zealot  
  158  30:05  High Templar x2  
  162  30:10  High Templar, Archon  
  162  30:11  High Templar  
  166  30:15  Archon  
  166  30:16  High Templar  
  166  30:17  High Templar  
  170  30:21  Archon  
  170  30:29  Void Ray x3 (Chrono Boost)  
  130  31:05  High Templar x3  
  130  31:07  High Templar  
  138  31:11  Archon  
  138  31:17  Archon  
  125  31:43  Photon Cannon  
  85  32:45  Zealot x2  
  85  32:47  Probe x3  
  92  32:52  Observer (Chrono Boost)  
  92  32:53  Observer (Chrono Boost)  
  47  36:03  Probe  
Show
View Real Time Build Order
Export as new Build Order

Astrea Protoss 

Build Orders: Oracle Opening 

Get SALT Encoding   

  12  0:00  Probe  
  13  0:12  Probe  
  14  0:17  Pylon  
  14  0:24  Probe (Chrono Boost)  
  15  0:36  Probe (Chrono Boost)  
  15  0:37  Gateway  
  16  0:45  Probe (Chrono Boost)  
  16  0:46  Assimilator  
  17  0:51  Probe  
  17  0:54  Assimilator  
  18  1:03  Probe  
  19  1:08  Forge  
  19  1:19  Probe  
  19  1:21  Pylon  
  20  1:26  Zealot  
  21  1:41  Photon Cannon  
  21  1:46  Cybernetics Core  
  21  1:52  Pylon  
  21  1:56  Probe  
  22  2:08  Probe  
  23  2:14  Photon Cannon  
  23  2:19  Stalker (Chrono Boost)  
  23  2:20  Probe (Chrono Boost)  
  26  2:25  Warp Gate  
  27  2:31  Probe (Chrono Boost)  
  27  2:36  Probe (Chrono Boost)  
  28  2:49  Gateway  
  28  3:06  Pylon  
  28  3:09  Probe  
  28  3:10  Stargate  
  29  3:25  Probe  
  29  3:36  Stalker  
  29  3:40  Gateway  
  31  3:50  Nexus  
  31  3:52  Oracle (Chrono Boost)  
  34  4:07  Probe  
  34  4:13  Pylon  
  34  4:27  Pylon  
  35  4:31  Probe  
  35  4:35  Stalker  
  35  4:36  Sentry  
  39  4:45  Probe  
  40  4:51  Shield Battery  
  40  4:57  Probe  
  41  5:01  Twilight Council  
  41  5:05  Probe (Chrono Boost)  
  42  5:10  Probe (Chrono Boost)  
  40  5:17  Probe (Chrono Boost)  
  40  5:20  Probe (Chrono Boost)  
  42  5:22  Stalker  
  42  5:23  Stalker, Probe (Chrono Boost)  
  42  5:25  Probe (Chrono Boost)  
  48  5:29  Protoss Ground Weapons Level 1 (Chrono Boost), Blink (Chrono Boost)  
  49  5:36  Probe  
  49  5:39  Probe  
  50  5:47  Stalker  
  50  5:48  Probe  
  51  5:51  Probe  
  51  6:00  Probe  
  51  6:03  Probe  
  53  6:08  Pylon  
  53  6:12  Probe  
  53  6:15  Probe  
  53  6:18  Sentry  
  57  6:21  Nexus  
  57  6:24  Probe  
  58  6:27  Stalker  
  58  6:28  Probe  
  58  6:32  Pylon  
  61  6:36  Probe  
  61  6:40  Probe  
  61  6:43  Robotics Facility  
  62  6:48  Probe  
  64  6:56  Assimilator  
  64  6:59  Stalker x2  
  67  7:03  Gateway  
  67  7:05  Gateway  
  65  7:12  Photon Cannon  
  65  7:24  Stalker x2  
  65  7:25  Probe x2  
  71  7:33  Observer  
  71  7:35  Charge  
  72  7:39  Gateway  
  72  7:42  Gateway  
  72  7:44  Pylon  
  72  7:50  Stalker x2  
  71  7:55  Probe  
  63  8:00  Stalker x2  
  63  8:03  Probe  
  63  8:04  Probe  
  55  8:14  Stalker x2  
  53  8:24  Stalker  
  53  8:25  Stalker  
  49  8:35  Stalker  
  49  8:38  Stalker x2  
  53  8:44  Stalker  
  55  8:51  Stalker  
  57  8:58  Stalker x2  
  57  8:59  Observer  
  61  9:05  Stalker  
  61  9:09  Stalker  
  65  9:18  Pylon  
  65  9:20  Pylon  
  65  9:30  Protoss Ground Weapons Level 2 (Chrono Boost)  
  65  9:40  Nexus  
  65  9:41  Probe  
  65  9:42  Probe  
  67  9:50  Sentry  
  69  9:54  Probe x2  
  69  9:58  Assimilator, Pylon  
  71  10:06  Probe  
  72  10:20  Probe x2  
  74  10:23  Stalker x4  
  74  10:25  Observer  
  82  10:32  Shield Battery, Sentry x2  
  86  10:37  Pylon  
  86  10:51  Observer  
  86  10:52  Probe  
  83  10:57  Probe x2  
  85  11:04  Probe  
  85  11:06  Observer  
  85  11:07  Stalker x5  
  85  11:09  Probe x2 (Chrono Boost)  
  98  11:14  Observer  
  98  11:17  Probe (Chrono Boost)  
  100  11:21  Probe x2 (Chrono Boost)  
  100  11:22  Templar Archives  
  102  11:26  Probe (Chrono Boost)  
  102  11:30  Probe (Chrono Boost)  
  102  11:31  Probe  
  102  11:32  Assimilator, Probe  
  103  11:34  Assimilator  
  106  11:41  Observer  
  106  11:42  Probe  
  103  11:53  Photon Cannon  
  103  11:54  Pylon  
  103  11:55  Pylon  
  103  11:57  Zealot x3  
  109  12:03  Photon Cannon x2  
  109  12:05  Shield Battery  
  109  12:06  Shield Battery  
  108  12:17  Stalker x3  
  104  12:29  Stalker x2  
  92  12:42  Stalker x4, Observer  
  94  12:51  Observer  
  94  12:53  Observer  
  94  12:55  Immortal (Chrono Boost)  
  94  12:56  Stalker x2  
  98  13:03  Robotics Bay  
  98  13:05  High Templar x2  
  98  13:06  Stalker x2, Protoss Ground Weapons Level 3 (Chrono Boost)  
  98  13:08  Observer  
  98  13:10  Archon  
  106  13:25  Robotics Facility  
  106  13:32  Pylon  
  106  13:34  Nexus  
  106  13:36  Probe x3  
  109  13:45  Observer  
  109  13:54  Probe  
  101  14:02  Probe  
  101  14:03  Probe  
  101  14:04  Stalker x6  
  101  14:06  Probe  
  113  14:13  Disruptor x2 (Chrono Boost)  
  113  14:15  Probe  
  115  14:29  Zealot x4  
  116  14:35  Zealot  
  116  14:39  Disruptor (Chrono Boost)  
  116  14:43  Disruptor (Chrono Boost)  
  115  14:47  Stalker  
  116  14:57  Stalker x5  
  126  15:07  Disruptor  
  126  15:12  Disruptor (Chrono Boost)  
  126  15:13  Assimilator  
  132  15:15  Assimilator  
  132  15:16  Photon Cannon  
  132  15:19  Shield Battery  
  132  15:32  Pylon  
  132  15:33  Pylon  
  132  15:37  Protoss Shields Level 1 (Chrono Boost)  
  132  15:42  Pylon  
  132  15:46  Pylon  
  132  15:50  Observer (Chrono Boost), Probe x4  
  132  15:54  High Templar x2  
  132  15:55  High Templar x2, Zealot  
  147  15:57  Photon Cannon  
  147  16:00  Archon x2  
  147  16:02  Probe  
  148  16:09  Gateway  
  148  16:10  Gateway  
  148  16:12  Pylon  
  123  16:29  High Templar x3  
  123  16:30  High Templar x3  
  126  16:34  Archon x3, Disruptor (Chrono Boost)  
  129  16:41  Disruptor (Chrono Boost)  
  129  16:44  Photon Cannon x2  
  132  16:47  Photon Cannon  
  132  16:48  Photon Cannon  
  132  16:53  Shield Battery  
  132  16:55  Pylon, Shield Battery  
  132  17:03  Zealot x6  
  140  17:10  Disruptor x2 (Chrono Boost)  
  131  17:26  High Templar x2  
  131  17:27  Zealot x7  
  147  17:30  Archon  
  147  17:33  Protoss Shields Level 2 (Chrono Boost)  
  132  17:55  Nexus  
  132  17:56  Disruptor (Chrono Boost)  
  132  17:57  Observer (Chrono Boost)  
  133  18:01  Pylon  
  133  18:11  High Templar x2  
  133  18:12  Zealot x6  
  149  18:16  Archon  
  149  18:19  Observer  
  149  18:25  Disruptor x2  
  155  18:29  Photon Cannon  
  155  18:30  Photon Cannon  
  155  18:32  Shield Battery  
  153  18:36  Photon Cannon  
  153  18:37  Psionic Storm  
  153  18:42  Gravitic Boosters  
  152  18:48  Adept  
  152  18:50  Photon Cannon  
  152  18:51  Zealot x4  
  162  18:57  Photon Cannon  
  162  19:09  High Templar  
  164  19:10  High Templar  
  164  19:11  Probe x4  
  164  19:13  Assimilator  
  164  19:15  Oracle  
  164  19:16  Assimilator  
  173  19:21  Pylon  
  173  19:24  High Templar  
  173  19:32  High Templar  
  173  19:33  Zealot x4  
  183  19:47  Protoss Shields Level 3 (Chrono Boost)  
  181  19:54  Warp Prism (Chrono Boost)  
  183  20:03  Photon Cannon  
  183  20:04  Shield Battery  
  183  20:10  High Templar  
  183  20:11  High Templar, Zealot x5  
  197  20:19  Gateway  
  197  20:20  Gateway  
  197  20:21  Dark Shrine  
  197  20:26  Observer (Chrono Boost)  
  199  20:29  Observer (Chrono Boost)  
  199  20:32  Gravitic Drive (Chrono Boost)  
  199  20:55  Fleet Beacon  
  199  20:58  Stargate  
  199  21:00  Protoss Air Weapons Level 1 (Chrono Boost)  
  199  21:02  Zealot  
  200  21:04  Observer (Chrono Boost)  
  199  21:14  Archon  
  199  21:19  Nexus  
  199  21:24  Observer  
  195  21:37  Disruptor x2  
  199  21:46  Shadow Stride (Chrono Boost)  
  197  21:57  Pylon  
  197  22:01  Pylon  
  197  22:02  Photon Cannon  
  197  22:03  Photon Cannon  
  197  22:04  Assimilator  
  197  22:05  Photon Cannon  
  197  22:06  Photon Cannon, Tempest, Pylon  
  197  22:08  Assimilator, Photon Cannon, Pylon, Shield Battery  
  197  22:09  Observer  
  197  22:12  Shield Battery  
  197  22:14  Photon Cannon  
  196  22:17  Protoss Ground Armor Level 1 (Chrono Boost)  
  196  22:21  Stargate  
  196  22:22  Stargate  
  190  22:26  Dark Templar x5  
  200  22:30  Photon Cannon  
  200  22:31  Photon Cannon  
  200  22:34  Photon Cannon  
  200  22:36  Photon Cannon  
  200  22:38  Shield Battery  
  186  22:52  Mothership (Chrono Boost)  
  186  22:55  Observer  
  186  22:58  Protoss Air Weapons Level 2 (Chrono Boost)  
  200  23:00  Tempest x2 (Chrono Boost)  
  199  23:07  Observer  
  199  23:10  Tempest x2 (Chrono Boost)  
  199  23:23  Observer  
  197  23:34  Observer x2 (Chrono Boost)  
  198  23:50  Gateway  
  198  23:51  Flux Vanes  
  198  23:52  Gateway  
  198  23:53  Cybernetics Core  
  198  23:55  Gateway  
  198  23:57  Gateway, Stargate  
  198  23:59  Dark Templar, Stargate  
  200  24:05  Shield Battery  
  200  24:06  Shield Battery  
  200  24:09  Shield Battery  
  198  24:11  Photon Cannon  
  198  24:12  Photon Cannon  
  198  24:20  Tempest, Shield Battery  
  198  24:22  Shield Battery  
  197  24:24  Shield Battery  
  197  24:28  Shield Battery  
  158  24:48  Zealot x12  
  158  24:52  Tempest  
  128  25:08  Tempest x2 (Chrono Boost)  
  120  25:24  Tempest (Chrono Boost), Disruptor x2  
  131  25:31  High Templar x4  
  139  25:36  Archon x2  
  139  25:37  High Templar x2, Protoss Air Weapons Level 3 (Chrono Boost)  
  139  25:41  Observer  
  143  25:43  Archon, Protoss Air Armor Level 1 (Chrono Boost), Oracle (Chrono Boost)  
  143  25:45  Observer  
  146  25:52  Tempest x2 (Chrono Boost)  
  156  26:02  Oracle (Chrono Boost)  
  159  26:09  Tempest (Chrono Boost), Pylon  
  158  26:12  Observer  
  158  26:16  Zealot  
  158  26:17  Nexus  
  166  26:30  Zealot  
  176  26:45  High Templar  
  176  26:49  High Templar  
  178  27:00  Dark Templar x4  
  178  27:01  Zealot x8  
  186  27:04  Observer  
  186  27:06  Observer  
  170  27:53  Zealot x6  
  170  27:54  Zealot x8  
  198  28:02  Protoss Ground Armor Level 2 (Chrono Boost)  
  198  28:04  Observer x2 (Chrono Boost)  
  200  28:17  Pylon  
  200  28:18  Nexus  
  200  28:19  Protoss Air Armor Level 2 (Chrono Boost)  
  198  28:37  Nexus  
  193  28:48  Pylon  
  175  28:55  Zealot x5  
  175  28:56  Zealot x7  
  155  29:35  High Templar x6  
  155  29:36  High Templar x6  
  148  29:58  Archon  
  148  29:59  Archon, Zealot x2  
  137  30:04  Void Ray  
  133  30:10  Photon Cannon  
  133  30:11  Archon x2  
  133  30:12  Photon Cannon  
  133  30:13  Photon Cannon, Disruptor x2  
  143  30:14  Photon Cannon  
  143  30:16  Photon Cannon, Zealot x3  
  143  30:17  Zealot x7, Shield Battery  
  143  30:19  Shield Battery  
  161  30:22  Pylon  
  161  30:27  Pylon  
  159  30:37  Archon  
  159  30:38  High Templar x2  
  159  30:40  Zealot x3  
  159  30:41  Zealot x6  
  180  30:49  Archon  
  145  30:52  Stalker x2  
  145  30:53  Stalker  
  92  31:09  Stalker  
  92  31:10  Stalker  
  96  31:13  Zealot x7  
  96  31:15  Zealot  
  100  31:25  Stalker x3  
  93  31:46  High Templar x2, Zealot x8  
  112  31:50  Archon  
  108  32:05  Dark Templar  
  108  32:06  Dark Templar, Zealot x3  
  108  32:07  Zealot x3  
  115  32:31  High Templar x2, Assimilator, Zealot x4  
  115  32:32  Assimilator, Zealot x3  
  118  32:52  Zealot x6  
  118  32:53  Zealot  
  124  33:26  High Templar x2, Zealot x4  
  124  33:27  Zealot x4  
  142  33:31  Archon  
  123  33:48  Pylon  
  118  34:07  Stalker x4  
  108  34:17  Dark Templar  
  82  34:49  Stalker  
  64  35:42  Probe (Chrono Boost)  
  65  35:51  Probe (Chrono Boost)  
  46  36:26  Pylon  
Tags
 
Add a new tag
Caveats
  • Supply blocks, unpowered buildings, or Contaminate may cause inaccurate times.
  • Supply counts are checked every 10 seconds.